 Dungeon Crawl Stone Soup version 0.22-a0-377-g846bec1 (webtiles) character file.

2983 Kairos the Cleaver (level 9, -7/47 HPs)
             Began as a Vine Stalker Fighter on Apr 27, 2018.
             Was a Priest of Okawaru.
             Mangled by Rhok's ghost (16 damage)
             ... on level 8 of the Dungeon.
             The game lasted 00:11:15 (6963 turns).

Kairos the Cleaver (Vine Stalker Fighter)           Turns: 6963, Time: 00:11:16

Health: -7/47      AC:  6    Str: 22    XL:     9   Next: 83%
Magic:  0/10       EV: 10    Int: 14    God:    Okawaru [***...]
Gold:   344        SH: 10    Dex: 14    Spells: 8/8 levels left

rFire    . . .     SeeInvis .   a - +0 war axe
rCold    + . .     Gourm    .   c - +0 shield
rNeg     . . .     Faith    .   B - +0 ring mail {rC+}
rPois    .         Spirit   +   (no helmet)
rElec    .         Reflect  .   (no cloak)
rCorr    .         Harm     .   (no gloves)
MR       ++...                  (no boots)
Stlth    +.........             (no amulet)
HPRegen  0.55/turn              g - +6 ring of intelligence
MPRegen  0.12/turn              m - ring of protection from magic

@: no status effects
A: fangs 3, regeneration 1, magic shield, antimagic bite, no potion heal 3, rot
immunity
a: Heroism, Renounce Religion


You were on level 8 of the Dungeon.
You worshipped Okawaru.
Okawaru was most pleased with you.
You were hungry.

You visited 2 branches of the dungeon, and saw 9 of its levels.

You collected 344 gold pieces.

Inventory:

Hand Weapons
 a - a +0 war axe (weapon)
 D - a +1 antimagic flail
Missiles
 h - 9 tomahawks of returning (quivered)
Armour
 b - a +0 scale mail
 c - a +0 shield (worn)
 B - a +0 ring mail of cold resistance (worn)
Jewellery
 g - a +6 ring of intelligence (left hand)
 i - an uncursed ring of ice
 j - an uncursed amulet of the acrobat {unknown}
 m - a ring of protection from magic (right hand)
 n - an uncursed ring of protection from cold
 A - an uncursed ring of protection from magic
Wands
 t - a wand of disintegration (3)
 x - a wand of clouds (3)
Scrolls
 k - a scroll of amnesia {unknown}
 p - 3 scrolls of remove curse
 q - 3 scrolls of fog {unknown}
 v - 2 scrolls of teleportation
 y - a scroll of enchant armour {unknown}
 z - 4 scrolls of identify {unknown}
 E - a scroll of noise {unknown}
Potions
 d - 3 potions of might
 e - 2 potions of heal wounds {unknown}
 l - 2 potions of flight {unknown}
 o - 3 potions of degeneration {unknown}
 r - a potion of berserk rage {unknown}
 s - a potion of resistance {unknown}
 u - a potion of invisibility {unknown}
 w - a potion of ambrosia {unknown}
 C - 2 potions of mutation {unknown}
Comestibles
 f - 14 rations


   Skills:
 + Level 5.4 Fighting
 + Level 8.1 Axes
 + Level 0.3(5.0) Maces & Flails
 + Level 5.2 Armour
 + Level 2.8 Dodging
 + Level 0.5 Stealth
 + Level 5.3 Shields
 + Level 1.2 Evocations


You had 8 spell levels left.
You didn't know any spells.

Dungeon Overview and Level Annotations

Branches:
Dungeon (8/15)             Temple (1/1) D:5
   Lair: D:8-11

Altars:
Ashenzari
Elyvilon
Hepliaklqana
Kikubaaqudgha
Makhleb
Nemelex Xobeh
Okawaru
Qazlal
Ru
Sif Muna
Trog
Vehumet
Xom
Yredelemnul

Annotations:
D:4 Kairos's ghost, novice VSFi
D:8 Rhok's ghost, novice DrAs


Innate Abilities, Weirdness & Mutations

You have razor-sharp teeth.
Your natural rate of healing is unusually fast.
When hurt, damage is shared between your health and your magic reserves.
Your bite disrupts and absorbs the magic of your enemies.
Potions cannot restore your health.
You are immune to rotting.


Message History

Rhok's ghost is lightly damaged.
Rhok's ghost hits you.
You hit Rhok's ghost.
Rhok's ghost is lightly damaged.
Rhok's ghost hits you.
You barely miss Rhok's ghost. Your bite misses Rhok's ghost.
Rhok's ghost is lightly damaged.
Rhok's ghost hits you!
You are too injured to fight recklessly!
You are too injured to fight recklessly!
You are too injured to fight recklessly!
You are too injured to fight recklessly!
You are too injured to fight recklessly!
You are too injured to fight recklessly!
Rhok's ghost hits you!
* * * LOW HITPOINT WARNING * * *
Rhok's ghost says very slowly, "There's no hope."
You see here a quarterstaff.
You fail to use your ability.
Rhok's ghost hits you!!
You die...

.....# #.#.#.#
#.#.# .....#
#.#.#.# #...#
.....# #.#.#.#
##..# .....#
#.#.#.# #..#
.....# #.#.#)#
#..# ....##
#.#.#.# #..# #
....#
#.#.#.######.##
.##.# ....#
#W#.......# ...
#####
#@###|###.###.####
#.##. #......... #
###. ##.......[ #.
#. #........
#.#+## #........
#....# #........
#....## ##'#+####
#.....## ####...#
#..<...# #.###..#


You could see Rhok's ghost.

Vanquished Creatures
  Grinder (D:3)
  A hippogriff (D:7)
  Edmund (D:6)
  An orc warrior (D:8)
  2 phantoms
  A sky beast (D:5)
  An ice beast (D:6)
  4 ogres
  A centaur (D:5)
  A crocodile (D:6)
  2 bullfrogs
  2 big kobolds (D:6)
  2 scorpions (D:4)
  A howler monkey (D:4)
  4 crimson imps
  A bullfrog zombie (D:7)
  A centaur zombie (D:8)
  3 jellies
  2 orc priests
  3 hounds
  7 orc wizards
  2 bullfrog skeletons
  4 iguanas
  2 worker ants
  2 hound skeletons
  8 gnolls
  5 adders
  2 shadow imps
  2 oozes
  An adder zombie (D:4)
  An adder skeleton (D:3)
  3 worms
  5 dart slugs
  5 leopard geckos
  20 orcs
  7 giant cockroaches
  7 goblins
  7 hobgoblins
  6 jackals
  2 quokkas
  2 ball pythons (D:3)
  10 bats
  A frilled lizard (D:3)
  A jackal zombie (D:5)
  16 kobolds
  A quokka zombie (D:7)
  9 rats
173 creatures vanquished.

Notes
Turn   | Place    | Note
-------+----------+-------------------------------------------
     0 | D:1      | Kairos the Vine Stalker Fighter began the quest for the Orb.
     0 | D:1      | Reached XP level 1. HP: 11/11 MP: 2/2
    96 | D:1      | Found a shattered altar of Ashenzari.
   103 | D:1      | Reached XP level 2. HP: 9/16 MP: 3/3
   726 | D:2      | Reached XP level 3. HP: 14/20 MP: 4/4
   731 | D:2      | Found a burning altar of Makhleb.
   777 | D:2      | Reached skill level 2 in Axes
  1435 | D:2      | Gained mutation: Your natural rate of healing is unusually fast. [Vine Stalker growth]
  1435 | D:2      | Reached XP level 4. HP: 5/24 MP: 2/5
  1437 | D:2      | HP: 1/24 [worm (5)]
  2089 | D:3      | Found a deep blue altar of Sif Muna.
  2089 | D:3      | Noticed Grinder
  2099 | D:3      | Killed Grinder
  2099 | D:3      | Reached skill level 3 in Axes
  2099 | D:3      | Reached XP level 5. HP: 15/29 MP: 3/6
  2099 | D:3      | Reached XP level 6. HP: 17/33 MP: 3/7
  2354 | D:3      | Reached skill level 1 in Dodging
  2403 | D:3      | Found a sparkling altar of Nemelex Xobeh.
  2777 | D:4      | Reached skill level 4 in Axes
  2824 | D:4      | Noticed Kairos's ghost (novice VSFi)
  3015 | D:4      | Reached XP level 7. HP: 27/37 MP: 5/8
  3775 | D:5      | Entered Level 5 of the Dungeon
  3993 | D:5      | Found a hazy altar of Hepliaklqana.
  4075 | D:5      | Found a staircase to the Ecumenical Temple.
  4105 | Temple   | Entered the Ecumenical Temple
  4141 | Temple   | Became a worshipper of Warmaster Okawaru
  4426 | D:5      | Reached skill level 5 in Axes
  4426 | D:5      | Gained mutation: You have razor-sharp teeth. [Vine Stalker growth]
  4426 | D:5      | Reached XP level 8. HP: 37/42 MP: 6/9
  4459 | D:5      | Noticed a shadow
  4588 | D:5      | Reached skill level 1 in Evocations
  4941 | D:6      | Reached * piety under Okawaru
  4971 | D:6      | Reached skill level 6 in Axes
  5084 | D:6      | Found a shimmering altar of Xom.
  5375 | D:6      | Reached ** piety under Okawaru
  5375 | D:6      | Reached XP level 9. HP: 33/46 MP: 10/10
  5494 | D:6      | Reached skill level 7 in Axes
  5504 | D:6      | Found a sacrificial altar of Ru.
  5545 | D:6      | Noticed Edmund
  5558 | D:6      | Killed Edmund
  5558 | D:6      | Reached skill level 5 in Armour
  5786 | D:7      | Reached skill level 5 in Fighting
  5786 | D:7      | Reached skill level 5 in Shields
  5990 | D:7      | Found a bloodstained altar of Trog.
  6468 | D:7      | Reached *** piety under Okawaru
  6561 | D:7      | Found a stormy altar of Qazlal.
  6561 | D:7      | Found a white marble altar of Elyvilon.
  6687 | D:8      | Reached skill level 8 in Axes
  6695 | D:8      | Found an ancient bone altar of Kikubaaqudgha.
  6947 | D:8      | Noticed Rhok's ghost (novice DrAs)
  6963 | D:8      | Mangled by Rhok's ghost

Vault maps used:
D:1:      zaba_arrival_water, ashenzari_altar_1
D:2:      lemuel_crystal_altar, minmay_bisected
D:3:      overflow_temple_1_default, nemelex_spade_bored_becter, uniq_grinder
D:4:      first_ration
D:5:      old_standard_altar, minmay_temple_entry_statues_fountains,
          lightli_corner_chamber
D:6:      nicolae_ru_awakened_eye, basic_altar, uniq_edmund
D:7:      kennysheep_mini_moat, gammafunk_temple_overflow_wave
D:8:      overflow_temple_1_default, lemuel_round_altar
Temple:   jpeg_temple_clearing

Skill      XL: |  1  2  3  4  5  6  7  8  9 |
---------------+----------------------------+-----
Fighting       | 3 4 5 |  5.4
Shields        | 3 4 5 |  5.3
Axes           | 2 3 4 5 6 8 |  8.1
Armour         | 3 4 5 |  5.2
Dodging        | 1 2 |  2.8
Evocations     | 1 |  1.2
Maces & Flails | |  0.3
Stealth        | |  0.5

Action                   |  1- 3 |  4- 6 |  7- 9 || total
-------------------------+-------+-------+-------++-------
Melee: War axe           |    92 |    95 |   346 ||   533
       Bite              |    25 |    29 |   126 ||   180
       Flail             |       |       |     7 ||     7
Evoke: Wand              |       |     3 |     2 ||     5
  Use: Scroll            |     1 |       |     3 ||     4
  Eat: Chunk             |     1 |     5 |    10 ||    16
       Ration            |       |       |     1 ||     1
Armor: Scale mail        |    50 |    39 |    27 ||   116
       Ring mail         |       |       |    62 ||    62
Dodge: Dodged            |    35 |    25 |   148 ||   208
Block: Shield            |    49 |    38 |   188 ||   275

Table legend:
 A = Spawn XP
 B = Non-spawn XP
 C = Spawn XP percentage of total XP
 D = Spawn monster count
 E = Non-spawn monster count
 F = Spawn count percentage of total count
 G = Total turns spent on level
                    A         B        C        D         E        F      G
               +---------+---------+-------+---------+---------+-------+---------
         Total |       0 |    4262 |   0.0 |       0 |     173 |   0.0 |  6963
               +---------+---------+-------+---------+---------+-------+---------
           D:1 |       0 |      26 |   0.0 |       0 |      16 |   0.0 |   677
           D:2 |       0 |      64 |   0.0 |       0 |      27 |   0.0 |  1159
           D:3 |       0 |     412 |   0.0 |       0 |      25 |   0.0 |   844
           D:4 |       0 |     384 |   0.0 |       0 |      21 |   0.0 |  1249
           D:5 |       0 |     641 |   0.0 |       0 |      15 |   0.0 |   676
           D:6 |       0 |    1332 |   0.0 |       0 |      37 |   0.0 |   889
           D:7 |       0 |    1026 |   0.0 |       0 |      25 |   0.0 |   906
           D:8 |       0 |     338 |   0.0 |       0 |       5 |   0.0 |   308
        Temple |       0 |      39 |   0.0 |       0 |       2 |   0.0 |   255
               +---------+---------+-------+---------+---------+-------+---------
